 Dungeon Crawl Stone Soup version 0.23-a0-655-g3751e1c (webtiles) character file.

1309 galech the Chopper (level 8, -1/60 (61) HPs)
             Began as a Demonspawn Fighter on Jan 7, 2019.
             Was a Believer of Okawaru.
             Slain by a two-headed ogre
             ... wielding a +0 giant club
              (12 damage)
             ... on level 6 of the Dungeon.
             The game lasted 00:06:50 (6397 turns).

galech the Chopper (Demonspawn Fighter)             Turns: 6397, Time: 00:06:51

HP:   -1/60 (61)    AC: 10    Str: 18    XL:     8   Next: 32%
MP:   8/8           EV: 14    Int:  9    God:    Okawaru [**....]
Gold: 185           SH: 12    Dex: 17    Spells: 7/7 levels left

rFire    . . .     SeeInvis .   a - +0 war axe
rCold    + . .     Gourm    .   c - +0 shield
rNeg     . . .     Faith    .   b - +0 scale mail
rPois    .         Spirit   .   (helmet restricted)
rElec    .         Reflect  .   q - +0 cloak
rCorr    .         Harm     .   (no gloves)
MR       .....                  (no boots)
Stlth    +++.......             (no amulet)
HPRegen  0.20/turn              t - +3 ring of dexterity
MPRegen  0.11/turn              r - ring of protection from cold

@: heroism
A: horns 1, demonic guardian 1, powered by pain 1, sturdy frame 1
a: Heroism, Renounce Religion


You were on level 6 of the Dungeon.
You worshipped Okawaru.
Okawaru was pleased with you.
You were not hungry.

You visited 2 branches of the dungeon, and saw 7 of its levels.

You collected 185 gold pieces.

Inventory:

Hand Weapons
 a - a +0 war axe (weapon)
Armour
 b - a +0 scale mail (worn)
 c - a +0 shield (worn)
 q - a +0 cloak (worn)
Jewellery
 k - an uncursed ring of fire
 n - an uncursed ring of positive energy
 r - a ring of protection from cold (right hand)
 t - a +3 ring of dexterity (left hand)
 x - an uncursed ring of ice
Wands
 v - a wand of digging (6)
Scrolls
 e - 7 scrolls of remove curse {unknown}
 h - 2 scrolls of identify {unknown}
 i - 3 scrolls of teleportation {unknown}
 j - a scroll of immolation {unknown}
 o - a scroll of random uselessness {unknown}
 s - a scroll of noise {unknown}
 w - a scroll of magic mapping {unknown}
 y - a scroll of fog {unknown}
 A - a scroll of vulnerability {unknown}
Potions
 d - a potion of might
 g - 3 potions of heal wounds {unknown}
 l - 4 potions of curing {unknown}
 m - 3 potions of brilliance {unknown}
 p - a potion of cancellation {unknown}
 u - a potion of mutation {unknown}
 B - a potion of berserk rage {unknown}
 C - a potion of lignification {unknown}
Comestibles
 f - 14 rations
 z - 13 chunks of flesh


   Skills:
 + Level 4.7(9.7) Fighting
 + Level 6.2(11.2) Axes
 + Level 4.8(9.8) Armour
 + Level 2.4(7.4) Dodging
 + Level 1.4(6.4) Stealth
 + Level 4.2(9.2) Shields


You had 7 spell levels left.
You didn't know any spells.
Your spell library was empty.

Dungeon Overview and Level Annotations

Branches:
Dungeon (6/15)             Temple (1/1) D:4

Altars:
Ashenzari
Cheibriados
Dithmenos
Elyvilon
Fedhas
Gozag
Makhleb
Nemelex Xobeh
Okawaru
Ru
Trog
Uskayaw
Wu Jian
Xom
Yredelemnul
The Shining One

Annotations:
D:5 3 runed doors, galech's ghost, amateur DsFi


Innate Abilities, Weirdness & Mutations

You have a pair of small horns on your head.
A weak demonic guardian rushes to your aid.
You sometimes gain a little power by taking damage.
Your movements are slightly less encumbered by armour. (ER -2)


Message History

Unknown command.
You gain the combat prowess of a mighty hero.
Your white imp completely misses the two-headed ogre.
You hit the two-headed ogre. You headbutt the two-headed ogre.
The two-headed ogre is lightly wounded.
The two-headed ogre hits you with a +0 giant club.
You block the two-headed ogre's attack.
Your white imp gestures at the two-headed ogre.
The puff of frost hits the two-headed ogre.
You slash the two-headed ogre!
The two-headed ogre is moderately wounded.
The two-headed ogre hits you with a +0 giant club! x2
* * * LOW HITPOINT WARNING * * *
You focus on the pain.
You feel your power returning.
Your white imp barely misses the two-headed ogre.
You hit the two-headed ogre.
The two-headed ogre is heavily wounded.
The two-headed ogre barely misses you.
The two-headed ogre hits you with a +0 giant club!
You die...

## .. #. #. #.
#5
######O#######
.......@.....#
#../....####.#
######### #.#
#.# #.# #.#
###.# #.#
....# ### #.#
...... ..# #.#


You could see a two-headed ogre and a friendly white imp.

Vanquished Creatures
  A sky beast (D:5)
  A phantom (D:4)
  A necrophage (D:5)
  An ogre (D:6)
  2 centaurs (D:6)
  2 scorpions
  2 hounds
  Crazy Yiuf (D:2)
  Natasha (twice) (D:2)
  5 worker ants
  2 worker ant zombies
  2 adders
  11 gnolls
  A shadow imp (D:6)
  2 oozes
  An adder zombie (D:5)
  An adder skeleton (D:5)
  2 worms (D:2)
  A dart slug (D:2)
  4 leopard geckos
  16 orcs
  7 giant cockroaches
  6 goblins
  7 hobgoblins
  7 jackals
  4 kobolds
  A quokka (D:6)
  8 bats
  5 frilled lizards
  A jackal zombie (D:5)
  A quokka zombie (D:5)
  6 rats
  A plant (D:1)
115 creatures vanquished.

Vanquished Creatures (collateral kills)
  Sigmund (D:5)
  A black bear (D:6)
  An orc priest (D:3)
  Natasha (D:2)
  An orc wizard (D:4)
  A leopard gecko (D:2)
  An orc (D:4)
  A goblin (D:3)
  A hobgoblin (D:2)
  A jackal (D:5)
10 creatures vanquished.

Grand Total: 125 creatures vanquished

Notes
Turn   | Place    | Note
-------+----------+-------------------------------------------
     0 | D:1      | galech the Demonspawn Fighter began the quest for the Orb.
     0 | D:1      | Reached XP level 1. HP: 18/18 MP: 1/1
   119 | D:1      | Gained mutation: Your movements are slightly less
                  | encumbered by armour. (ER -2) [demonic ancestry]
   119 | D:1      | Reached XP level 2. HP: 23/24 MP: 2/2
   368 | D:1      | Reached skill level 2 in Axes
   662 | D:1      | Reached XP level 3. HP: 29/29 MP: 3/3
  1014 | D:2      | Noticed Natasha
  1020 | D:2      | Killed Natasha
  1111 | D:2      | Found a runed door.
  1157 | D:2      | Noticed Natasha
  1169 | D:2      | Gained mutation: A weak demonic guardian rushes to your
                  | aid. [demonic ancestry]
  1169 | D:2      | Reached XP level 4. HP: 19/35 MP: 4/4
  1186 | D:2      | Killed Natasha
  1643 | D:2      | Noticed Natasha
  1651 | D:2      | Killed Natasha
  1651 | D:2      | Reached skill level 3 in Axes
  2152 | D:2      | Noticed Crazy Yiuf
  2156 | D:2      | Killed Crazy Yiuf
  2156 | D:2      | Reached skill level 1 in Dodging
  2156 | D:2      | Gained mutation: You have a pair of small horns on your
                  | head. [demonic ancestry]
  2156 | D:2      | Reached XP level 5. HP: 37/41 MP: 5/5
  3577 | D:4      | Reached skill level 4 in Axes
  3577 | D:4      | Reached XP level 6. HP: 28/48 MP: 6/6
  3784 | D:4      | Found an ornate altar of the Wu Jian Council.
  3918 | D:4      | Found a burning altar of Makhleb.
  3918 | D:4      | Noticed a blizzard demon
  3921 | D:4      | Noticed a smoke demon
  3921 | D:4      | Noticed a neqoxec
  3999 | D:4      | Found a staircase to the Ecumenical Temple.
  4066 | Temple   | Entered the Ecumenical Temple
  4304 | Temple   | Became a worshipper of Warmaster Okawaru
  4508 | D:4      | Found a snail-covered altar of Cheibriados.
  4873 | D:4      | Gained mutation: You sometimes gain a little power by
                  | taking damage. [demonic ancestry]
  4873 | D:4      | Reached XP level 7. HP: 51/54 MP: 7/7
  5025 | D:5      | Entered Level 5 of the Dungeon
  5216 | D:5      | Noticed Sigmund
  5232 | D:5      | Killed Sigmund
  5232 | D:5      | Reached * piety under Okawaru
  5232 | D:5      | Reached skill level 5 in Axes
  5232 | D:5      | Reached skill level 1 in Stealth
  5398 | D:5      | Found a runed gate.
  5399 | D:5      | Found a runed gate.
  5399 | D:5      | Found a runed gate.
  5411 | D:5      | Noticed galech's ghost (amateur DsFi)
  5508 | D:5      | Found a sparkling altar of Nemelex Xobeh.
  5890 | D:6      | Reached XP level 8. HP: 43/60 MP: 8/8
  5892 | D:6      | Reached ** piety under Okawaru
  6143 | D:6      | Reached skill level 6 in Axes
  6144 | D:6      | Found a shadowy altar of Dithmenos.
  6392 | D:6      | Noticed a two-headed ogre
  6397 | D:6      | Slain by a two-headed ogre

Vault maps used:
D:1:      eino_arrival_cavern_d, serial_forest, infiniplex_forest_end_2,
          infiniplex_forest_clump_medium, infiniplex_forest_clump_long,
          infiniplex_forest_end_double, infiniplex_forest_straight_3,
          infiniplex_forest_end_3, infiniplex_forest_corner_2,
          infiniplex_forest_straight_3
D:2:      first_ration, kennysheep_generic_room_10, uniq_natasha,
          uniq_crazy_yiuf_cottage
D:4:      lemuel_coloured_pillars_altar, nicolae_overflow_hidden_temple,
          temple_pool_b, makhleb_altar_promises_db
D:5:      ebering_ghost_rock_garden, nemelex_spade_bored_becter, uniq_sigmund
D:6:      nicolae_dithmenos_through_a_glass_darkly, vehumet_statue
Temple:   minmay_temple_forest_path

Skill      XL: |  1  2  3  4  5  6  7  8 |
---------------+-------------------------+-----
Axes           | 2 3 4 5 6 |  6.2
Armour         | 3 4 |  4.8
Shields        | 3 4 |  4.2
Dodging        | 1 2 |  2.4
Fighting       | 4 |  4.7
Stealth        | 1 |  1.4

Action                   |  1- 3 |  4- 6 |  7- 9 || total
-------------------------+-------+-------+-------++-------
Melee: War axe           |   109 |   214 |   106 ||   429
       Headbutt          |       |    26 |    31 ||    57
Invok: Heroism           |       |       |     1 ||     1
 Stab: Distracted        |       |     2 |       ||     2
  Eat: Chunk             |     1 |     9 |     5 ||    15
       Ration            |       |     1 |       ||     1
Armor: Scale mail        |    50 |    94 |    33 ||   177
Dodge: Dodged            |    33 |    78 |    24 ||   135
Block: Shield            |    46 |   114 |    63 ||   223

Table legend:
 A = Non-vault XP
 B = Vault XP
 C = Vault XP percentage of total XP
 D = Non-vault monster count
 E = Vault monster count
 F = Vault count percentage of total count
                 A         B        C        D         E       F
            +---------+---------+-------+---------+---------+-------
      Total |    1629 |     242 |  12.9 |     120 |       4 |   3.2
            +---------+---------+-------+---------+---------+-------
        D:1 |      43 |       0 |   0.0 |      20 |       0 |   0.0
        D:2 |     158 |      62 |  28.2 |      24 |       3 |  11.1
        D:3 |      94 |       0 |   0.0 |      26 |       0 |   0.0
        D:4 |     383 |       0 |   0.0 |      19 |       0 |   0.0
        D:5 |     384 |     180 |  31.9 |      14 |       1 |   6.7
        D:6 |     567 |       0 |   0.0 |      17 |       0 |   0.0
            +---------+---------+-------+---------+---------+-------
